AA
BUFFALO RED WINGS @ CALGARY COWBOYS
06/15/2060
 
TOP OF THE 1ST
Buffalo Red Wings batting - Pitching for Calgary Cowboys : LHP Centarius Ame
Pitching: LHP Centarius Ame
Batting: RHB Braydon Makris 0-0: Fly out, F4 (Line Drive, 4, EV 65.0 MPH)
Batting: RHB Israel Coates 0-0: Foul Ball, location: 2F
0-1: Ball
1-1: Swinging Strike
1-2: Ball
2-2: Reached on error, E3 (Groundball, 13, EV 76.9 MPH)
Batting: RHB Chandler Penrod 0-0: Ball
Wild Pitch!
Israel Coates to second
1-0: Called Strike
1-1: Ball
2-1: Swinging Strike
2-2: Foul Ball, location: 2F
2-2: Fly out, F9 (Flyball, 9D, EV 90.6 MPH)
Runner from 2nd tags up, SAFE at 3rd, no throw by RF
Batting: RHB Logan Combs 0-0: 2-RUN HOME RUN (Flyball, 89XD, EV 96.2 MPH), Distance : 385 ft
Batting: RHB Jasper Humphries 0-0: Ball
1-0: Swinging Strike
1-1: Ball
2-1: Ball
3-1: Foul Ball, location: 2F
3-2: Ground out 4-3 (Groundball, 4M, EV 87.5 MPH)
Top of the 1st over - 2 runs, 1 hit, 1 error, 0 left on base; Buffalo 2 - Calgary 0
BOTTOM OF THE 1ST
Calgary Cowboys batting - Pitching for Buffalo Red Wings : LHP Didi Vu
Pitching: LHP Didi Vu
Batting: LHB Stavian Adjeng 0-0: Ball
1-0: Ball
2-0: Ball
3-0: Called Strike
3-1: Base on Balls
Batting: RHB Hayden Jeffus 0-0: Ball
1-0: Called Strike
1-1: Foul Ball, location: 2F
1-2: SINGLE (Line Drive, 56D, EV 96.9 MPH)
Stavian Adjeng to second
Batting: RHB Jaboree Kafengauz 0-0: Ball
1-0: Ball
2-0: DOUBLE (Flyball, 8LXD, EV 101.9 MPH)
Stavian Adjeng scores
Hayden Jeffus to third
Runner from 3rd tries for Home, SAFE, no throw by CF
Batting: RHB Jacoby Button 0-0: Called Strike
0-1: Foul Ball, location: 2F
0-2: 2-RUN HOME RUN (Flyball, 89XD, EV 100.0 MPH), Distance : 400 ft
Batting: RHB Micheal Montoya 0-0: SINGLE (Groundball, 56D, EV 108.1 MPH)
Batting: RHB M.J. McCaslin 0-0: Ball
1-0: Swinging Strike
1-1: Ball
2-1: Ball
3-1: Base on Balls
Micheal Montoya to second
Batting: SHB Rashid Letsos 0-0: Ball
1-0: 3-RUN HOME RUN (Flyball, 7D, EV 96.9 MPH), Distance : 375 ft
Pitching: RHP Dontell Yamashita
Batting: RHB Lanny Suharto 0-0: Ball
1-0: Called Strike
1-1: SINGLE (Line Drive, 89S, EV 103.1 MPH)
Batting: RHB Ricky Adams 0-0: Ball
1-0: Ball
2-0: Fly out, F9 (Line Drive, 89M, EV 92.5 MPH)
Batting: LHB Stavian Adjeng 0-0: Fielders Choice at 2nd, 2-4 (Groundball, 2L, EV 72.5 MPH)
Batting: RHB Hayden Jeffus 0-0: Ball
1-0: SINGLE (Line Drive, 8LS, EV 113.1 MPH)
Stavian Adjeng to second
Stavian Adjeng to third
Batting: RHB Jaboree Kafengauz 0-0: Called Strike
0-1: Called Strike
0-2: Strikes out swinging
Bottom of the 1st over - 7 runs, 7 hits, 0 errors, 2 left on base; Buffalo 2 - Calgary 7
TOP OF THE 2ND
Buffalo Red Wings batting - Pitching for Calgary Cowboys : LHP Centarius Ame
Batting: LHB Joel Van Dusen 0-0: Ball
1-0: Called Strike
1-1: Ground out 6-3 (Groundball, 6, EV 80.6 MPH)
Batting: RHB Townes Zhan 0-0: Ball
1-0: Swinging Strike
1-1: Swinging Strike
1-2: Foul Ball, location: 2F
1-2: Reached on error, E6 (Groundball, 6, EV 101.9 MPH)
Batting: RHB Brinson Sarmiento 0-0: Called Strike
0-1: Ball
Townes Zhan is caught stealing 2nd base 2-4
1-1: Ground out U3 (Groundball, 3S, EV 80.6 MPH)
Top of the 2nd over - 0 runs, 0 hits, 1 error, 0 left on base; Buffalo 2 - Calgary 7
BOTTOM OF THE 2ND
Calgary Cowboys batting - Pitching for Buffalo Red Wings : RHP Dontell Yamashita
Batting: RHB Jacoby Button 0-0: Foul Ball, location: 2F
0-1: Ball
1-1: Foul Ball, location: 2F
1-2: Reached on error, E6 (Groundball, 6, EV 85.0 MPH)
Batting: RHB Micheal Montoya 0-0: Ball
1-0: Ball
2-0: Foul Ball, location: 2F
2-1: SINGLE (Flyball, 5D, EV 92.5 MPH)
Jacoby Button to second
Batting: RHB M.J. McCaslin 0-0: Called Strike
0-1: Ball
1-1: Foul Ball, location: 2F
1-2: Foul Ball, location: 2F
1-2: Strikes out swinging
Batting: SHB Rashid Letsos 0-0: Fly out, F8 (Flyball, 8LD, EV 103.1 MPH)
Batting: RHB Lanny Suharto 0-0: Ball
1-0: Foul Ball, location: 2F
1-1: Called Strike
1-2: Strikes out swinging
Bottom of the 2nd over - 0 runs, 1 hit, 1 error, 2 left on base; Buffalo 2 - Calgary 7
TOP OF THE 3RD
Buffalo Red Wings batting - Pitching for Calgary Cowboys : LHP Centarius Ame
Batting: RHB Rhys Oqvist 0-0: Fly out, F8 (Flyball, 78D, EV 105.0 MPH)
Batting: RHB Braydon Makris 0-0: Called Strike
0-1: Called Strike
0-2: Ball
1-2: Fly out, F8 (Flyball, 8LXD, EV 84.4 MPH)
Batting: RHB Israel Coates 0-0: Foul Ball, location: 2F
0-1: Fly out, F8 (Line Drive, 8RM, EV 95.6 MPH)
Top of the 3rd over - 0 runs, 0 hits, 0 errors, 0 left on base; Buffalo 2 - Calgary 7
BOTTOM OF THE 3RD
Calgary Cowboys batting - Pitching for Buffalo Red Wings : RHP Dontell Yamashita
Batting: RHB Ricky Adams 0-0: Called Strike
0-1: TRIPLE (Line Drive, 89XD, EV 105.6 MPH)
Batting: LHB Stavian Adjeng 0-0: Called Strike
0-1: Ground out 3-1 (Groundball, 34, EV 80.6 MPH)
Ricky Adams scores
Batting: RHB Hayden Jeffus 0-0: Ball
1-0: Called Strike
1-1: Reached on error, E5 (Groundball, 5S, EV 75.6 MPH)
Batting: RHB Jaboree Kafengauz 0-0: Fly out, F9 (Flyball, 9, EV 88.8 MPH)
Batting: RHB Jacoby Button 0-0: Called Strike
0-1: Ball
1-1: Fly out, F7 (Flyball, 78S, EV 88.8 MPH)
Bottom of the 3rd over - 1 run, 1 hit, 1 error, 1 left on base; Buffalo 2 - Calgary 8
TOP OF THE 4TH
Buffalo Red Wings batting - Pitching for Calgary Cowboys : LHP Centarius Ame
Batting: RHB Chandler Penrod 0-0: Ball
1-0: Swinging Strike
1-1: Foul Ball, location: 2F
1-2: Foul Ball, location: 2F
1-2: Foul Ball, location: 2F
1-2: Strikes out looking
Batting: RHB Logan Combs 0-0: Ball
1-0: Ground out 6-3 (Groundball, 6MD, EV 103.8 MPH)
Batting: RHB Jasper Humphries 0-0: Ball
1-0: Ball
2-0: Called Strike
2-1: SINGLE (Line Drive, 8LS, EV 88.1 MPH)
Batting: LHB Joel Van Dusen 0-0: Ball
1-0: Ball
2-0: Foul Ball, location: 2F
2-1: Ball
3-1: Base on Balls
Jasper Humphries to second
Batting: RHB Townes Zhan 0-0: Ball
1-0: Foul Ball, location: 2F
1-1: Foul Ball, location: 2F
1-2: Fielders Choice at 2nd, 6-4 (Groundball, 6MD, EV 105.0 MPH)
Top of the 4th over - 0 runs, 1 hit, 0 errors, 2 left on base; Buffalo 2 - Calgary 8
BOTTOM OF THE 4TH
Calgary Cowboys batting - Pitching for Buffalo Red Wings : RHP Dontell Yamashita
Batting: RHB Micheal Montoya 0-0: Called Strike
0-1: Swinging Strike
0-2: Ball
1-2: Foul Ball, location: 2F
1-2: Ball
2-2: Foul Ball, location: 2F
2-2: Ball
3-2: Strikes out swinging
Batting: RHB M.J. McCaslin 0-0: SINGLE (Line Drive, 9S, EV 85.6 MPH)
Pitching: RHP Nash Austin
Batting: SHB Rashid Letsos 0-0: Ball
Pickoff Throw to First - Out! 1-3
1-0: Foul Ball, location: 2F
1-1: Foul Ball, location: 2F
1-2: Foul Ball, location: 2F
1-2: Strikes out looking
Bottom of the 4th over - 0 runs, 1 hit, 0 errors, 0 left on base; Buffalo 2 - Calgary 8
TOP OF THE 5TH
Buffalo Red Wings batting - Pitching for Calgary Cowboys : LHP Centarius Ame
Batting: RHB Brinson Sarmiento 0-0: Ball
1-0: Ball
2-0: Called Strike
2-1: Foul Ball, location: 2F
2-2: Ground out 6-3 (Groundball, 56D, EV 82.5 MPH)
Batting: RHB Rhys Oqvist 0-0: Called Strike
0-1: Swinging Strike
0-2: Foul Ball, location: 2F
0-2: Strikes out swinging
Batting: RHB Braydon Makris 0-0: Ground out 6-3 (Groundball, 6, EV 80.0 MPH)
Top of the 5th over - 0 runs, 0 hits, 0 errors, 0 left on base; Buffalo 2 - Calgary 8
BOTTOM OF THE 5TH
Calgary Cowboys batting - Pitching for Buffalo Red Wings : RHP Nash Austin
Batting: RHB Lanny Suharto 0-0: Called Strike
0-1: Foul Ball, location: 2F
0-2: Ball
1-2: Strikes out looking
Batting: RHB Ricky Adams 0-0: Swinging Strike
0-1: Called Strike
0-2: Ball
1-2: Ball
2-2: Foul Ball, location: 2F
2-2: Fly out, F2 (Popup, 15S, EV 93.8 MPH)
Batting: LHB Stavian Adjeng 0-0: Foul Ball, location: 2F
0-1: Swinging Strike
0-2: SINGLE (Line Drive, 4D, EV 105.0 MPH)
Batting: RHB Hayden Jeffus 0-0: Called Strike
0-1: Ball
Stavian Adjeng is caught stealing 2nd base 2-4
Bottom of the 5th over - 0 runs, 1 hit, 0 errors, 0 left on base; Buffalo 2 - Calgary 8
TOP OF THE 6TH
Buffalo Red Wings batting - Pitching for Calgary Cowboys : LHP Centarius Ame
Batting: RHB Israel Coates 0-0: Ball
1-0: Called Strike
1-1: Fly out, F4 (Line Drive, 4D, EV 69.4 MPH)
Batting: RHB Chandler Penrod 0-0: Ball
1-0: Ball
2-0: Ball
3-0: Called Strike
3-1: Base on Balls
Batting: RHB Logan Combs 0-0: Ball
1-0: Ball
2-0: Foul Ball, location: 2F
2-1: Ball
3-1: Fly out, F8 (Flyball, 8LD, EV 89.4 MPH)
Batting: RHB Jasper Humphries 0-0: Called Strike
0-1: Ball
1-1: Ball
2-1: Foul Ball, location: 2F
2-2: Foul Ball, location: 2F
2-2: Strikes out swinging
Top of the 6th over - 0 runs, 0 hits, 0 errors, 1 left on base; Buffalo 2 - Calgary 8
BOTTOM OF THE 6TH
Calgary Cowboys batting - Pitching for Buffalo Red Wings : RHP Nash Austin
Batting: RHB Hayden Jeffus 0-0: Ball
1-0: Ball
2-0: Foul Ball, location: 2F
2-1: Foul Ball, location: 2F
2-2: SINGLE (Groundball, 6MD, EV 100.6 MPH)
Batting: RHB Jaboree Kafengauz 0-0: Ball
1-0: Ball
2-0: Called Strike
2-1: Fly out, F9 (Flyball, 9, EV 81.2 MPH)
Batting: RHB Jacoby Button 0-0: Called Strike
Hayden Jeffus steals 2nd base
0-1: Ball
1-1: Ball
2-1: Called Strike
2-2: Strikes out swinging
Batting: RHB Micheal Montoya 0-0: Foul Ball, location: 2F
0-1: Ball
1-1: Swinging Strike
1-2: Strikes out swinging
Bottom of the 6th over - 0 runs, 1 hit, 0 errors, 1 left on base; Buffalo 2 - Calgary 8
TOP OF THE 7TH
Buffalo Red Wings batting - Pitching for Calgary Cowboys : LHP Centarius Ame
Batting: LHB Joel Van Dusen 0-0: Called Strike
0-1: Ball
1-1: Called Strike
1-2: Ball
2-2: Ball
3-2: Strikes out swinging
Batting: RHB Townes Zhan 0-0: Swinging Strike
0-1: Ball
1-1: Ball
2-1: Ball
3-1: Foul Ball, location: 2F
3-2: SINGLE (Line Drive, 6M, EV 103.1 MPH)
Batting: RHB Brinson Sarmiento 0-0: SINGLE (Groundball, 4MD, EV 100.0 MPH)
Townes Zhan to second
Batting: RHB Rhys Oqvist 0-0: Called Strike
0-1: Ball
Townes Zhan steals 3rd base
Brinson Sarmiento to second
1-1: Swinging Strike
1-2: Strikes out looking
Batting: RHB Braydon Makris 0-0: Ground out 5-3 (Groundball, 56S, EV 80.6 MPH)
Top of the 7th over - 0 runs, 2 hits, 0 errors, 2 left on base; Buffalo 2 - Calgary 8
BOTTOM OF THE 7TH
Calgary Cowboys batting - Pitching for Buffalo Red Wings : RHP Nash Austin
Batting: RHB M.J. McCaslin 0-0: Ball
1-0: Called Strike
1-1: Ball
2-1: Fly out, F8 (Line Drive, 8RS, EV 96.9 MPH)
Pitching: RHP Nic Lewin
Batting: SHB Rashid Letsos 0-0: Ball
1-0: Foul Ball, location: 2F
1-1: Called Strike
1-2: Ball
2-2: Foul Ball, location: 2F
2-2: Ball
3-2: Foul Ball, location: 2F
3-2: SINGLE (Line Drive, 4M, EV 94.4 MPH)
Batting: RHB Lanny Suharto 0-0: Swinging Strike
0-1: Ball
1-1: Ball
2-1: Foul Ball, location: 2F
2-2: Ball
3-2: Strikes out swinging
Rashid Letsos is caught stealing 2nd base 2-4
Batter strikes out.
Bottom of the 7th over - 0 runs, 1 hit, 0 errors, 0 left on base; Buffalo 2 - Calgary 8
TOP OF THE 8TH
Buffalo Red Wings batting - Pitching for Calgary Cowboys : LHP Centarius Ame
Batting: RHB Israel Coates 0-0: Called Strike
0-1: Called Strike
0-2: Ball
1-2: Foul Ball, location: 2F
1-2: Ball
2-2: Strikes out swinging
Batting: RHB Chandler Penrod 0-0: Ball
1-0: SINGLE (Flyball, 89S, EV 91.2 MPH)
Pitching: LHP Dalton Malcolm
Batting: RHB Logan Combs 0-0: Ball
Passed Ball!
Chandler Penrod to second
1-0: Fly out, F8 (Flyball, 8RD, EV 96.9 MPH)
Batting: RHB Jasper Humphries 0-0: Called Strike
0-1: Swinging Strike
0-2: Ball
1-2: Foul Ball, location: 2F
1-2: Hit by Pitch
Batting: LHB Joel Van Dusen 0-0: Foul Ball, location: 2F
0-1: Ball
1-1: Ball
2-1: Ball
3-1: Called Strike
3-2: Foul Ball, location: 2F
3-2: Reached via error on a dropped throw from 1B, E1 (Groundball, 34, EV 92.5 MPH)
Chandler Penrod to third
Jasper Humphries to second
Batting: RHB Townes Zhan 0-0: Ball
1-0: Foul Ball, location: 2F
1-1: Ball
2-1: Called Strike
2-2: Ball
3-2: Foul Ball, location: 2F
3-2: Foul Ball, location: 2F
3-2: Base on Balls
Chandler Penrod scores
Jasper Humphries to third
Joel Van Dusen to second
Batting: RHB Brinson Sarmiento 0-0: Foul Ball, location: 2F
0-1: Ball
1-1: Foul Ball, location: 2F
1-2: Strikes out swinging
Top of the 8th over - 1 run, 1 hit, 1 error, 3 left on base; Buffalo 3 - Calgary 8
BOTTOM OF THE 8TH
Calgary Cowboys batting - Pitching for Buffalo Red Wings : RHP Nic Lewin
Batting: RHB Ricky Adams 0-0: Ball
1-0: Foul Ball, location: 2F
1-1: Called Strike
1-2: Ball
2-2: Ball
3-2: Foul Ball, location: 2F
3-2: Strikes out swinging
Batting: LHB Stavian Adjeng 0-0: Ball
1-0: Called Strike
1-1: Swinging Strike
1-2: Fly out, F9 (Flyball, 89S, EV 90.6 MPH)
Batting: RHB Hayden Jeffus 0-0: Called Strike
0-1: SINGLE (Groundball, 4S, EV 65.0 MPH) (infield hit)
Batting: RHB Jaboree Kafengauz 0-0: Ball
1-0: Ball
2-0: Foul Ball, location: 2F
2-1: Foul Ball, location: 2F
2-2: Ball
3-2: Strikes out swinging
Bottom of the 8th over - 0 runs, 1 hit, 0 errors, 1 left on base; Buffalo 3 - Calgary 8
TOP OF THE 9TH
Buffalo Red Wings batting - Pitching for Calgary Cowboys : LHP Dalton Malcolm
Batting: RHB Rhys Oqvist 0-0: Called Strike
0-1: Ball
1-1: Fly out, F8 (Line Drive, 8RD, EV 90.6 MPH)
Batting: RHB Braydon Makris 0-0: Ball
1-0: Called Strike
1-1: Called Strike
1-2: Strikes out swinging
Batting: RHB Israel Coates 0-0: Ground out 3-1 (Groundball, 13, EV 89.4 MPH)
Top of the 9th over - 0 runs, 0 hits, 0 errors, 0 left on base; Buffalo 3 - Calgary 8
Thursday, May 9th , 2024 - OOTP Baseball 23.10 Build 110